Map: Data-C

Players

Harstem - Winner!

  • Race: Protoss Protoss
  • Spawn Location: 9:00

BeNeFiT

  • Race: Protoss Protoss
  • Spawn Location: 3:00

Event: DreamHack SC2 Masters 2022 Atlanta (Offline)

VOD

Have the link to the VOD?

Description

Time

  • Played on: Nov. 18, 2022, 10:09 a.m.
  • Length: 6:35

All games in this series

Show
View Real Time Build Order
Export as new Build Order

Harstem Protoss - Winner!

Build Orders: Phoenix Opening, Blink Stalkers 

Get SALT Encoding   

  12  0:00  Probe  
  13  0:12  Probe  
  14  0:17  Pylon  
  14  0:25  Probe (Chrono Boost)  
  15  0:37  Probe (Chrono Boost), Gateway  
  16  0:45  Probe (Chrono Boost)  
  16  0:46  Assimilator  
  17  0:51  Probe  
  17  0:56  Assimilator  
  18  1:03  Probe (Chrono Boost)  
  19  1:08  Gateway  
  19  1:12  Probe (Chrono Boost)  
  19  1:17  Probe (Chrono Boost)  
  20  1:25  Cybernetics Core  
  21  1:29  Probe  
  22  1:38  Pylon  
  22  1:41  Probe  
  23  1:59  Warp Gate (Chrono Boost)  
  23  2:00  Pylon  
  24  2:02  Sentry  
  27  2:15  Nexus  
  25  2:16  Probe  
  26  2:28  Probe  
  27  2:31  Pylon  
  27  2:33  Stalker  
  29  2:40  Probe  
  30  2:48  Phoenix  
  32  2:53  Twilight Council, Probe  
  33  3:03  Stalker  
  33  3:05  Probe  
  36  3:12  Stalker  
  36  3:17  Probe  
  36  3:19  Pylon  
  37  3:21  Blink (Chrono Boost)  
  37  3:29  Probe  
  37  3:32  Probe  
  39  3:41  Probe  
  39  3:42  Stalker  
  39  3:46  Probe  
  43  3:55  Stalker  
  45  3:57  Probe  
  47  4:05  Gateway  
  47  4:09  Probe  
  48  4:15  Stalker  
  49  4:18  Stalker  
  49  4:21  Probe x2  
  53  4:32  Pylon  
  53  4:33  Probe  
  53  4:34  Probe  
  55  4:42  Robotics Facility  
  55  4:45  Probe, Stalker  
  58  4:47  Probe  
  58  4:48  Stalker  
  61  4:57  Probe  
  62  5:02  Stalker  
  64  5:08  Pylon  
  64  5:11  Shield Battery, Stalker  
  66  5:17  Stalker  
  66  5:18  Probe  
  66  5:20  Assimilator  
  69  5:21  Pylon  
  67  5:28  Probe  
  67  5:29  Observer (Chrono Boost), Stalker  
  67  5:35  Stalker  
  72  5:49  Nexus, Observer (Chrono Boost)  
  71  6:00  Stalker x2  
  71  6:03  Probe (Chrono Boost)  
  77  6:06  Forge  
  77  6:07  Probe (Chrono Boost)  
  77  6:13  Probe (Chrono Boost)  
  77  6:14  Stalker  
  77  6:16  Probe (Chrono Boost)  
  77  6:17  Probe (Chrono Boost)  
  81  6:22  Pylon  
Show
View Real Time Build Order
Export as new Build Order

BeNeFiT Protoss 

Build Orders: Oracle Opening 

Get SALT Encoding   

  12  0:00  Probe  
  13  0:12  Probe  
  14  0:19  Pylon  
  14  0:24  Probe  
  15  0:37  Probe (Chrono Boost)  
  15  0:38  Gateway  
  16  0:47  Probe (Chrono Boost), Assimilator  
  17  0:52  Probe (Chrono Boost)  
  18  1:04  Probe  
  19  1:16  Probe (Chrono Boost)  
  19  1:18  Assimilator, Pylon  
  20  1:26  Cybernetics Core  
  20  1:28  Probe (Chrono Boost)  
  20  1:30  Zealot  
  23  1:37  Probe (Chrono Boost)  
  24  1:43  Probe  
  25  1:55  Probe  
  26  2:07  Probe  
  27  2:09  Stargate  
  27  2:20  Nexus  
  27  2:28  Stalker (Chrono Boost)  
  27  2:29  Probe  
  30  2:40  Pylon  
  30  2:43  Probe  
  31  2:47  Warp Gate  
  31  2:57  Oracle (Chrono Boost)  
  35  2:58  Probe  
  35  3:11  Stalker  
  35  3:12  Probe  
  38  3:24  Probe  
  39  3:29  Twilight Council  
  39  3:36  Probe  
  39  3:37  Probe  
  39  3:39  Pylon  
  41  3:48  Probe  
  41  3:49  Probe  
  41  3:50  Gateway  
  43  3:59  Assimilator  
  43  4:00  Probe  
  43  4:01  Probe  
  45  4:08  Blink (Chrono Boost)  
  45  4:12  Probe  
  45  4:13  Probe  
  47  4:24  Dark Shrine, Probe  
  47  4:25  Probe  
  49  4:37  Probe x2  
  51  4:45  Nexus  
  51  4:48  Pylon  
  51  4:49  Probe x2, Pylon  
  51  4:51  Stalker  
  55  5:01  Probe  
  55  5:02  Probe  
  57  5:13  Probe  
  57  5:14  Shield Battery, Probe, Stalker  
  61  5:17  Stalker  
  62  5:25  Probe  
  62  5:26  Probe  
  58  5:34  Gateway  
  52  5:37  Probe  
  52  5:38  Dark Templar, Probe  
  52  5:39  Dark Templar  
  53  5:43  Dark Templar  
  53  5:47  Gateway  
  53  5:48  Pylon  
  53  5:49  Probe  
  53  5:50  Probe  
  54  5:58  Probe  
  54  6:01  Probe  
  54  6:02  Probe  
  57  6:07  Stalker  
  57  6:08  Pylon  
  57  6:10  Pylon  
  57  6:11  Probe  
  60  6:13  Probe  
  60  6:15  Probe  
  60  6:16  Forge  
  60  6:19  Robotics Facility  
  60  6:21  Stalker  
  60  6:23  Probe  
  60  6:25  Pylon  
  63  6:29  Gateway  
Tags
 
Add a new tag
Caveats
  • Supply blocks, unpowered buildings, or Contaminate may cause inaccurate times.
  • Supply counts are checked every 10 seconds.